 Dungeon Crawl Stone Soup version 0.28-a0-8-g6e044cfa68 (webtiles) character file.

Game seed: 1737375308366738443

1855 pokeman the Thaumaturge (level 8, -5/44 HPs)
             Began as a Deep Elf Hedge Wizard on July 24, 2021.
             Was a Follower of Vehumet.
             Slain by an orc warrior (16 damage)
             ... on level 7 of the Dungeon.
             The game lasted 00:19:17 (7597 turns).

pokeman the Thaumaturge (Deep Elf Hedge Wizard)     Turns: 7597, Time: 00:19:19

Health: -5/44      AC:  8    Str:  7    XL:     8   Next: 89%
Magic:  8/24       EV: 12    Int: 22    God:    Vehumet [*.....]
Gold:   254        SH:  5    Dex: 14    Spells: 15/27 levels left

rFire   . . .      SeeInvis +   r - +0 spear (freeze)
rCold   . . .      Faith    .   (no shield)
rNeg    + + .      Spirit   .   f - +0 leather armour
rPois   .          Reflect  +   i - +2 helmet
rElec   .          Harm     .   p - +0 cloak
rCorr   .          Rampage  .   z - +0 pair of gloves
Will    .....                   (no boots)
Stlth   ++........              F - amulet of reflection
HPRegen 0.14/turn               A - ring of positive energy
MPRegen 0.19/turn               G - ring of the Thirsty Tables {rN+ Slay+3 SInv}

@: very slightly contaminated
A: no striking features
a: Renounce Religion


You were on level 7 of the Dungeon.
You worshipped Vehumet.
Vehumet was aware of your devotion.
You visited 2 branches of the dungeon, and saw 8 of its levels.

You collected 254 gold pieces.

Inventory:

Hand Weapons
 o - a +3 quarterstaff of chaos
 r - a +0 spear of freezing (weapon)
Missiles
 g - 72 bolts
 v - 27 arrows
 x - 3 throwing nets
Armour
 c - a +0 buckler
 f - a +0 leather armour (worn)
 i - a +2 helmet (worn)
 p - a +0 cloak (worn)
 z - a +0 pair of gloves (worn)
Magical Staves
 I - a staff of death
Jewellery
 A - a ring of positive energy (left hand)
 B - a ring of positive energy
 F - an amulet of reflection (around neck)
 G - the ring of the Thirsty Tables (right hand) {rN+ Slay+3 SInv}
   (You found it on level 6 of the Dungeon)

   [ring of see invisible]

   Slay:      It affects your accuracy & damage with ranged weapons and melee
   (+3).
   rN:        It protects you from negative energy.
   SInv:      It lets you see invisible.
Wands
 t - a wand of iceblast (8)
 u - a wand of mindburst (13)
 w - a wand of flame (31)
Scrolls
 a - 5 scrolls of enchant armour {unknown}
 j - a scroll of vulnerability {unknown}
 k - 2 scrolls of fear {unknown}
 n - a scroll of summoning {unknown}
 s - 2 scrolls of teleportation {unknown}
 y - 2 scrolls of enchant weapon {unknown}
 E - a scroll of identify {unknown}
 H - a scroll of fog {unknown}
Potions
 b - 2 potions of heal wounds
 d - 3 potions of flight {unknown}
 e - a potion of cancellation {unknown}
 h - a potion of mutation {unknown}
 l - 2 potions of attraction {unknown}
 m - 5 potions of curing {unknown}
 q - a potion of magic {unknown}
 C - a potion of invisibility {unknown}
 D - a potion of haste {unknown}


   Skills:
 - Level 2.0 Fighting
 - Level 2.0 Armour
 - Level 4.0 Dodging
 - Level 3.1 Stealth
 + Level 1.6 Shields
 * Level 10.4 Spellcasting
 + Level 5.6 Conjurations
 - Level 1.1 Summonings
 - Level 1.1 Translocations
 + Level 3.9 Fire Magic
 - Level 1.1 Air Magic
 - Level 1.3 Poison Magic
 - Level 1.0 Evocations


You had 15 spell levels left.
You knew the following spells:

 Your Spells              Type           Power      Damage    Failure   Level
a - Magic Dart            Conj           100%       1d8       1%          1
b - Mephitic Cloud        Conj/Pois/Air  23%        N/A       9%          3
c - Call Imp              Summ           16%        N/A       9%          2
d - Blink                 Tloc           N/A        N/A       9%          2
e - Conjure Flame         Conj/Fire      32%        6-21      3%          3
f - Foxfire               Conj/Fire      100%       2x1d9     1%          1

Your spell library contained the following spells:

 Spells                   Type           Power      Damage    Failure   Level
 Sandblast                Erth           22%        2d7       9%          1
 Animate Skeleton         Necr           22%        N/A       9%          1
 Freeze                   Ice            44%        1d6       9%          1
 Pain                     Necr           44%        1d6       9%          1
 Inner Flame              Hex/Fire       20%        N/A       11%         3
 Slow                     Hex            11%        N/A       13%         2
 Frozen Ramparts          Ice            22%        1d4       26%         3
 Vampiric Draining        Necr           5%         2d6       26%         3
 Hailstorm                Conj/Ice       23%        3d7       26%         4


Dungeon Overview and Level Annotations

Branches:
Dungeon (7/15)             Temple (1/1) D:5

Altars:
Ashenzari
Cheibriados
Dithmenos
Elyvilon
Gozag
Hepliaklqana
Kikubaaqudgha
Makhleb
Nemelex Xobeh
Okawaru
Ru
Sif Muna
Trog
Uskayaw
Vehumet
Wu Jian
Xom
Yredelemnul
Zin
The Shining One


Message History

The stinking cloud engulfs the bullfrog but does no damage.
The centaur is engulfed in noxious fumes.
The centaur appears confused.
The centaur wonders, "What am I doing in here?"
The bullfrog is engulfed in noxious fumes.
The bullfrog appears confused.
The orc wizard is engulfed in noxious fumes.
The orc wizard appears confused.
The orc warrior closely misses you.
A water moccasin comes into view.
Unknown command.
Unknown command.
The orc wizard barely misses the orc warrior.
The orc wizard hits itself with a +0 dagger.
You block the orc warrior's attack.
The bullfrog is engulfed in noxious fumes.
The bullfrog appears confused.
Unknown command.
The water moccasin hisses angrily.
You hit the centaur. You freeze the centaur.
The centaur is severely wounded.
The bullfrog is engulfed in noxious fumes.
The orc warrior hits the centaur with a +0 dire flail.
The centaur is engulfed in blazing flames.
You kill the centaur!
Vehumet accepts your kill.
You can now gain magical power from killing.
Vehumet offers you knowledge of Sandblast.
Reach: r) +0 spear (freeze)
Press: ? - help, Dir - move target, f - orc wizard
Aim: an orc wizard, wielding a +0 dagger and wearing a +0 robe (severely wounded, confused, about 22% to evade your +0 spear of freezing)
You reach to attack!
You catch the helpless orc wizard completely off-guard!
You hit the orc wizard. You freeze the orc wizard.
The orc wizard is almost dead.
The orc wizard hits the orc warrior but does no damage.
The orc wizard hits itself but does no damage.
The bullfrog is engulfed in noxious fumes.
The bullfrog appears confused.
The orc warrior hits you with a +0 dire flail!
You die...

##. ...... .... #.......
..... .........
......###°#..#.....
....oo.F○○........ ..
#.....##.....#...###.##
#.... #†#..##........#
#... #☼#...#......≈..
#.. #@ooS.#.........
##########<..#......_..#
........#............#
........#..##.....≈..#
........##.#...#.....
#......#.##.#.#.##.###
#.............#....#
#........##.#...####
#........##...#.####


You could see an orc warrior (confused), a water moccasin, a bullfrog (confused)
and an orc wizard (confused).

Vanquished Creatures
  Sigmund (D:2)
  2 water moccasins
  2 ogres
  2 necrophages
  The ghost of Sin92 the Skirmisher, an amateur DsFi (D:3)
  A centaur (D:7)
  A phantom (D:6)
  2 bullfrogs
  A gnoll sergeant (D:3)
  A wyvern zombie (D:3)
  A wyvern skeleton (D:6)
  An electric eel (D:6)
  A centaur zombie (D:7)
  3 bullfrog zombies
  A centaur skeleton (D:6)
  A hound (D:5)
  A bullfrog skeleton (D:3)
  A gnoll shaman (D:3)
  2 jellies
  Crazy Yiuf (D:2)
  Natasha (thrice) (D:2)
  An iguana (D:7)
  A killer bee zombie (D:7)
  5 adders
  6 gnolls
  A worm (D:2)
  2 dart slugs
  20 orcs
  4 bats
  5 endoplasms
  2 giant cockroaches (D:2)
  5 goblins
  8 hobgoblins
  4 jackals (D:1)
  3 quokkas
  7 ball pythons
  A frilled lizard (D:2)
  6 kobolds
  A quokka skeleton (D:4)
  4 rats
  A foxfire (D:4)
117 creatures vanquished.

Vanquished Creatures (others)
  300 foxfires
300 creatures vanquished.

Grand Total: 417 creatures vanquished

Notes
Turn   | Place    | Note
-------+----------+-------------------------------------------
     0 | D:1      | pokeman the Deep Elf Hedge Wizard began the quest for the
                  | Orb.
     0 | D:1      | Reached XP level 1. HP: 10/10 MP: 7/7
   214 | D:1      | Reached XP level 2. HP: 11/16 MP: 0/9
  1164 | D:1      | Reached skill level 5 in Spellcasting
  1349 | D:1      | Found a faded altar of an unknown god.
  1425 | D:2      | Reached XP level 3. HP: 20/20 MP: 9/11
  1429 | D:2      | Learned a level 3 spell: Mephitic Cloud
  1432 | D:2      | Learned a level 2 spell: Call Imp
  1435 | D:2      | Learned a level 2 spell: Blink
  1439 | D:2      | Learned a level 3 spell: Conjure Flame
  1444 | D:2      | Learned a level 1 spell: Foxfire
  1836 | D:2      | Reached skill level 1 in Fighting
  1994 | D:2      | You fall into a shaft and drop 1 floor!
  2001 | D:3      | Reached skill level 1 in Armour
  2090 | D:2      | Noticed Natasha
  2098 | D:2      | Killed Natasha
  2099 | D:2      | Reached XP level 4. HP: 25/25 MP: 4/13
  2270 | D:2      | Found a runed translucent door.
  2271 | D:2      | Noticed Crazy Yiuf
  2327 | D:2      | Killed Crazy Yiuf
  2512 | D:2      | Noticed Natasha
  2513 | D:2      | Noticed Sigmund
  2544 | D:2      | Killed Sigmund
  2545 | D:2      | Reached skill level 1 in Shields
  2545 | D:2      | Reached skill level 6 in Spellcasting
  2545 | D:2      | Reached XP level 5. HP: 24/29 MP: 3/15
  2560 | D:2      | Killed Natasha
  2660 | D:2      | Noticed Natasha
  2668 | D:2      | Killed Natasha
  2669 | D:2      | Reached XP level 6. HP: 34/34 MP: 8/17
  3104 | D:3      | Reached skill level 1 in Fire Magic
  3120 | D:3      | Reached skill level 7 in Spellcasting
  3293 | D:3      | Found a transporter.
  3293 | D:3      | Noticed Sin92's ghost (amateur DsFi)
  3361 | D:3      | Found a transporter.
  3597 | D:3      | Found a bloodstained altar of Trog.
  3797 | D:3      | Reached skill level 1 in Air Magic
  3834 | D:3      | Reached XP level 7. HP: 13/38 MP: 5/20
  4092 | D:3      | Killed Sin92's ghost
  4232 | D:4      | Reached skill level 8 in Spellcasting
  4232 | D:4      | Reached skill level 1 in Poison Magic
  4484 | D:4      | You fall into a shaft and drop 1 floor!
  4484 | D:5      | Entered Level 5 of the Dungeon
  4957 | D:4      | Found a shimmering blue altar of Sif Muna.
  5337 | D:5      | Reached skill level 1 in Evocations
  6107 | D:5      | Reached XP level 8. HP: 35/43 MP: 19/22
  6133 | D:5      | Reached skill level 9 in Spellcasting
  6221 | D:5      | Found a hide-covered altar of Uskayaw.
  6297 | D:5      | Found a staircase to the Ecumenical Temple.
  6305 | Temple   | Entered the Ecumenical Temple
  6344 | Temple   | Became a worshipper of Vehumet
  6718 | D:6      | Reached skill level 5 in Conjurations
  6773 | D:6      | Identified the ring of the Thirsty Tables {rN+ Slay+3 SInv}
  6992 | D:6      | Reached skill level 10 in Spellcasting
  7085 | D:6      | Found an iron altar of Okawaru.
  7094 | D:6      | Found a burning altar of Makhleb.
  7412 | D:7      | Found a snail-covered altar of Cheibriados.
  7562 | D:7      | Found an ancient bone altar of Kikubaaqudgha.
  7596 | D:7      | Reached * piety under Vehumet
  7596 | D:7      | Offered knowledge of Sandblast by Vehumet.
  7597 | D:7      | Slain by an orc warrior

Illustrated notes

Levels and vault maps discovered:
D:1:      dpeg_arrival_short_road, layout_basic,
          hellmonk_ecumenical_altar_prayer_group
D:2:      layout_rooms, dk_vineyard_2, uniq_crazy_yiuf_cottage, uniq_sigmund,
          uniq_natasha
D:3:      layout_rooms, trog_three_pillars_becter, gammafunk_ghost_mausoleum
D:4:      layout_loops_corners, mainiacjoe_overflow_catwalk
D:5:      layout_loops_ring, eat_drink_and_be_merry_uskayaw,
          minmay_temple_entry_glassed_door
D:6:      layout_cave_pools, mainiacjoe_overflow_swirl,
          minmay_tree_intersection, nicolae_water_bricks
D:7:      layout_basic, cheibriados_altar_1, mainiacjoe_overflow_tiny_flanked,
          uniq_menkaure
Temple:   nicolae_temple_god_jail

Skill      XL: |  1  2  3  4  5  6  7  8 |
---------------+-------------------------+-----
Spellcasting   | 5 6 7 8 10 | 10.4
Fighting       | 1 2 |  2.0
Armour         | 1 2 |  2.0
Conjurations   | 2 3 4 5 |  5.6
Dodging        | 3 4 |  4.0
Shields        | 1 |  1.6
Fire Magic     | 1 2 3 |  3.9
Air Magic      | 1 |  1.1
Stealth        | 3 |  3.1
Poison Magic   | 1 |  1.3
Evocations     | 1 |  1.0
Summonings     | |  1.1
Translocations | |  1.1

Action                   |  1- 3 |  4- 6 |  7- 9 || total
-------------------------+-------+-------+-------++-------
Melee: Dagger            |     3 |       |       ||     3
       Hand axe          |     8 |       |       ||     8
       Spear             |     7 |    30 |    70 ||   107
 Cast: Magic Dart        |    58 |    11 |    11 ||    80
       Foxfire           |    24 |    52 |    98 ||   174
       Mephitic Cloud    |       |     8 |     8 ||    16
       Call Imp          |       |     3 |     7 ||    10
       Conjure Flame     |       |     4 |    13 ||    17
       Blink             |       |     6 |     2 ||     8
  Use: Potion            |       |       |     1 ||     1
 Stab: Confused          |       |       |     1 ||     1
Armor: Robe              |     1 |       |       ||     1
       Leather armour    |    14 |     9 |    35 ||    58
Dodge: Dodged            |    31 |    29 |    51 ||   111
Block: Other             |       |       |    11 ||    11
       Reflection        |       |       |     1 ||     1

Table legend: (Time is in decaauts)
 A = Elapsed time spent in this place.
 B = Non-inter-level travel time spent in this place.
 C = Inter-level travel time spent in this place.
 D = Time resting spent in this place.
 E = Time spent auto-exploring this place.
 F = Levels seen in this place.
 G = Mean time per level.
                   A        B        C        D        E       F      G
               +--------+--------+--------+--------+--------+-----+--------+
         Total |   7611 |   7311 |    300 |    908 |   5308 |   8 |  951.4 |
       Dungeon |   7557 |   7270 |    287 |    908 |   5276 |   7 | 1079.6 |
        Temple |     53 |     40 |     13 |      0 |     32 |   1 |   53.0 |
               +--------+--------+--------+--------+--------+-----+--------+

Top non-repeatable levels by time:
     D:2: 1592 daAuts
     D:1: 1584 daAuts
     D:5: 1219 daAuts
     D:4: 1082 daAuts
     D:3: 1045 daAuts
     D:6: 751 daAuts
     D:7: 282 daAuts
  Temple: 53 daAuts
